 Dungeon Sprint DCSS version 0.22.1-1-ga44c0e56f4 (webtiles) character file.

1632 MuseOD the Impaler (level 8, 0/75 (76) HPs)
             Began as a Merfolk Berserker on Oct 4, 2018.
             Was a Priest of Trog.
             Slain by a polar bear (4 damage)
             ... in the Dungeon (Sprint II: "The Violet Keep of Menkaure").
             The game lasted 00:01:57 (924 turns).

MuseOD the Impaler (Merfolk Berserker)               Turns: 924, Time: 00:01:57

HP:   0/75 (76)     AC:  2    Str: 19    XL:     8   Next: 98%
MP:   8/8           EV: 19    Int:  7    God:    Trog [***...]
Gold: 729           SH:  0    Dex: 13    Spells: 7/7 levels left

rFire    . . .     SeeInvis .   a - +0 spear
rCold    . . .     Gourm    .   (no shield)
rNeg     . . .     Faith    .   b - +0 animal skin
rPois    .         Spirit   .   (no helmet)
rElec    .         Reflect  .   (no cloak)
rCorr    .         Harm     .   (no gloves)
MR       ++...     NoTele   +   (no boots)
Stlth    +.........             (no amulet)
HPRegen  1.22/turn              (no ring)
MPRegen  0.11/turn              (no ring)

@: berserk cooldown, regenerating, slowed, very slow
A: change form in water, swift swim, stealthy swim
a: Berserk, Trog's Hand, Renounce Religion


You were in the Dungeon.
You worshipped Trog.
Trog was most pleased with you.
You were not hungry.

You visited 1 branch You collected 729 gold pieces.

Inventory:

Hand Weapons
 a - a +0 spear (weapon)
Armour
 b - a +0 animal skin (worn)
Scrolls
 i - a scroll of blinking
Potions
 f - a potion of haste
 g - 2 potions of magic
 h - a potion of berserk rage


   Skills:
 + Level 11.9 Fighting
 + Level 15.5 Polearms
 + Level 6.4 Armour
 + Level 11.5 Dodging


You had 7 spell levels left.
You didn't know any spells.
Your spell library was empty.

Dungeon Overview and Level Annotations

Branches:
Dungeon (1/1)

Altars:
Cheibriados
Dithmenos
Elyvilon
Fedhas
Gozag
Kikubaaqudgha
Makhleb
Nemelex Xobeh
Okawaru
Sif Muna
Trog
Uskayaw
Vehumet
Yredelemnul
Zin
Jiyva
Lugonu


Message History

You swap places.
Something bites your ogre!!
Your ogre dies!
Your ogre's corpse disappears in a puff of smoke!
You see here a bolt.
The polar bear bites you.
* * * LOW HITPOINT WARNING * * *
The polar bear claws you.
* * * LOW HITPOINT WARNING * * *
The polar bear claws you.
* * * LOW HITPOINT WARNING * * *
Okay, then.
Your skin crawls.
You feel resistant to hostile enchantments.
You feel somewhat more hungry.
You can no longer call in reinforcements.
The polar bear barely misses you. The polar bear claws you.
* * * LOW HITPOINT WARNING * * *
The polar bear barely misses you. The polar bear closely misses you.
The polar bear barely misses you. The polar bear claws you.
You die...

# ## #. . .##.#### +.###
.#..# ...# ...####
.).####..## #..##$#
#'###.##..# +..#..#
#.##.#.#..# #..#..#
.<.'###'§.####.^##)#
#.##.#.#.§..###.@h##▓▓
#'###.##.§§...≈≈≈≈≈≈≈≈≈≈≈
.†.####≈≈.§...≈#+########
.#..#≈≈≈§≈≈≈..≈#_._.....#
. .##§≈§§≈≈§≈.≈#._._....#
# ##≈§≈≈≈§§§≈≈≈#_._._...#
≈≈≈≈≈§≈≈§≈§≈≈#._._._..#
+++#≈≈≈≈≈§§§≈#_._._._.#
##§≈≈###≈≈#._._._


You could see a polar bear.

Vanquished Creatures
  A merfolk siren (D)
  A hornet (D)
  2 hippogriffs (D)
  4 necrophages (D)
  4 worker ants (D)
12 creatures vanquished.

Vanquished Creatures (collateral kills)
  A yaktaur (D)
  2 polar bears (D)
3 creatures vanquished.

Vanquished Creatures (others)
  A crocodile (D)
1 creature vanquished.

Grand Total: 16 creatures vanquished

Notes
Turn   | Place    | Note
-------+----------+-------------------------------------------
     0 | D        | MuseOD the Merfolk Berserker began the quest for the Orb.
     0 | D        | Reached XP level 1. HP: 18/18 MP: 1/1
     1 | D        | Noticed a hippogriff
     1 | D        | Noticed a hippogriff
     9 | D        | HP: 1/27 [hippogriff (4)]
    11 | D        | Killed a hippogriff
    11 | D        | Reached skill level 10 in Polearms
    11 | D        | Reached skill level 5 in Dodging
    11 | D        | Reached XP level 2. HP: 2/32 MP: 2/2
    11 | D        | Reached XP level 3. HP: 3/37 MP: 3/3
    11 | D        | Reached XP level 4. HP: 3/44 MP: 4/4
    11 | D        | Reached XP level 5. HP: 4/49 MP: 5/5
    14 | D        | Killed a hippogriff
    14 | D        | Reached skill level 12 in Polearms
    14 | D        | Reached XP level 6. HP: 5/59 MP: 6/6
   466 | D        | Noticed a merfolk siren
   477 | D        | Killed a merfolk siren
   477 | D        | Reached ** piety under Trog
   477 | D        | Reached skill level 10 in Fighting
   477 | D        | Reached skill level 13 in Polearms
   477 | D        | Reached XP level 7. HP: 65/67 MP: 7/7
   545 | D        | Reached skill level 14 in Polearms
   559 | D        | Reached *** piety under Trog
   565 | D        | Reached skill level 5 in Armour
   857 | D        | Reached XP level 8. HP: 74/74 MP: 8/8
   861 | D        | Reached skill level 10 in Dodging
   867 | D        | Reached **** piety under Trog
   890 | D        | Found an iron altar of Okawaru.
   890 | D        | Found a radiant altar of Vehumet.
   890 | D        | Found a glowing silver altar of Zin.
   891 | D        | Found a sparkling altar of Nemelex Xobeh.
   891 | D        | Found a hide-covered altar of Uskayaw.
   891 | D        | Found a basalt altar of Yredelemnul.
   892 | D        | Found an opulent altar of Gozag.
   892 | D        | Found a burning altar of Makhleb.
   892 | D        | Found a bloodstained altar of Trog.
   893 | D        | Found a blossoming altar of Fedhas.
   893 | D        | Found a corrupted altar of Lugonu.
   893 | D        | Found a deep blue altar of Sif Muna.
   894 | D        | Found a white marble altar of Elyvilon.
   894 | D        | Found an ancient bone altar of Kikubaaqudgha.
   895 | D        | Found a shadowy altar of Dithmenos.
   895 | D        | Found a viscous altar of Jiyva.
   896 | D        | Found a snail-covered altar of Cheibriados.
   898 | D        | Noticed a yaktaur
   898 | D        | Noticed a hornet
   898 | D        | Noticed a polar bear
   898 | D        | Noticed a polar bear
   906 | D        | Killed a polar bear
   906 | D        | Reached skill level 15 in Polearms
   909 | D        | Killed a polar bear
   914 | D        | Paralysed by a hornet for 1 turns
   915 | D        | Killed a hornet
   917 | D        | Killed a yaktaur
   920 | D        | Noticed a polar bear
   924 | D        | Slain by a polar bear

Skill      XL: |  1  2  3  4  5  6  7  8 |
---------------+-------------------------+-----
Fighting       | 7 9 10 11 | 11.9
Polearms       | 10 12 13 14 15 | 15.5
Armour         | 2 3 4 5 6 |  6.4
Dodging        | 5 7 9 11 | 11.5

Action                   |  1- 3 |  4- 6 |  7- 9 || total
-------------------------+-------+-------+-------++-------
Melee: Spear             |     9 |    12 |    44 ||    65
Invok: Berserk           |     1 |     1 |     3 ||     5
       Trog's Hand       |       |       |     2 ||     2
       Brothers in Arms  |       |       |     2 ||     2
  Use: Potion            |       |       |     2 ||     2
  Eat: Chunk             |       |       |     2 ||     2
       Ration            |       |       |     1 ||     1
Armor: Animal skin       |       |       |     3 ||     3
Dodge: Dodged            |     7 |     4 |    38 ||    49
